AoeStats
← Chris Becker

Black Forest

509064287Analyzed
4v4 RM · 8d ago on Sep 25, 2026· 41m 36s· 8 players
Game mode
Random Map
Map size
Large (8 player)
Population
200
Speed
Normal
Resources
Standard
Victory
Conquest
Starting age
Dark Age
Ending age
Imperial Age
RankedLock teamsTeams togetherTeam positionsShared explorationLock speedFull tech treeHidden civsTurbo modeCheats
Victory
Defeat
🇩🇪 Spanish · Germany
1574
+12
🇩🇪 Danes · Germany
1505
+15
🇩🇪 Chinese · Germany
1469
+16
🇹🇼 Lithuanians · Taiwan
1439
+18
🇩🇪 Ethiopians · Germany
1526
-17
🇩🇪 Japanese · Germany
1490
-16
🇹🇼 Vikings · Taiwan
1480
-15
🇹🇼 Varangians · Taiwan
1418
-13
歐吉桑
10:37 Feudal Age
14:26 Castle Age
12:24 Horse Collar
14:58 Double-Bit Axe
25:08 Bow Saw
27:41 Wheelbarrow
27:43 Heavy Plow
28:07 Town Watch
32:09 Imperial Age
29:39 Gold Mining
29:40 Stone Mining
30:34 Bloodlines
30:20 Treadmill Crane
31:34 Stone Shaft Mining
31:23 Forging
31:19 Scale Barding Armor
31:27 Masonry
31:44 Husbandry
32:30 Hand Cart
32:01 Loom
32:56 Iron Casting
33:17 Chain Barding Armor
32:54 Onager
34:02 Town Patrol
33:57 Elite Jarl
35:30 Ballistics
37:44 Blast Furnace
37:20 Plate Barding Armor
37:31 Caravan
39:05 Conscription
39:17 Light Cavalry
39:58 Hussar
Chris Becker
1:14 Loom
11:27 Feudal Age
16:19 Castle Age
14:28 Double-Bit Axe
14:42 Horse Collar
17:25 Bow Saw
23:38 Wheelbarrow
24:31 Gold Mining
28:51 Imperial Age
26:19 Fletching
27:11 Bodkin Arrow
28:12 Gold Shaft Mining
28:17 Padded Archer Armor
28:12 Crossbowman
29:18 Ballistics
29:42 Hand Cart
30:25 Arbalester
31:22 Heavy Plow
33:07 Chemistry
32:37 Thumb Ring
33:07 Bracer
34:00 Leather Archer Armor
36:10 Ring Archer Armor
38:17 Elite Skirmisher
39:30 Scale Mail Armor
39:40 Forging
40:41 Conscription
DeepLin
10:42 Feudal Age
14:48 Castle Age
12:43 Double-Bit Axe
13:38 Horse Collar
15:46 Bow Saw
21:39 Gold Mining
27:08 Imperial Age
24:29 Loom
24:29 Town Watch
24:46 Scale Mail Armor
25:20 Forging
25:03 Stone Mining
25:49 Gold Shaft Mining
25:36 Caravan
26:15 Chain Mail Armor
26:30 Squires
26:15 Arson
26:47 Scale Barding Armor
27:21 Iron Casting
27:25 Capped Ram
29:07 Two-Man Saw
28:40 Plate Mail Armor
28:18 Elite Varangian Guard
29:30 Siege Ram
31:16 Onager
35:56 Pikeman
Ficki-T-E
1:27 Loom
10:41 Feudal Age
10:52 Man-at-Arms
11:46 Arson
14:26 Forging
15:30 Horse Collar
15:42 Double-Bit Axe
22:54 Wheelbarrow
26:51 Castle Age
24:56 Gold Mining
25:10 Stone Mining
31:14 Imperial Age
28:51 Heavy Plow
29:27 Bow Saw
29:11 Fletching
29:53 Bodkin Arrow
30:27 Scale Mail Armor
31:37 Gold Shaft Mining
31:29 Chain Mail Armor
32:56 Kataparuto
33:17 Bracer
34:52 Long Swordsman
36:04 Plate Mail Armor
37:20 Two-Man Saw
35:46 Two-Handed Swordsman
36:12 Gambesons
36:29 Squires
偷偷
0:26 Loom
11:50 Feudal Age
13:03 Double-Bit Axe
15:55 Castle Age
16:07 Horse Collar
17:10 Bow Saw
18:28 Wheelbarrow
19:27 Hand Cart
20:31 Stone Mining
25:18 Heavy Plow
28:33 Gold Mining
31:30 Imperial Age
29:57 Stone Shaft Mining
30:24 Bloodlines
30:15 Husbandry
31:22 Scale Barding Armor
32:36 Chain Barding Armor
32:54 Conscription
33:58 Plate Barding Armor
33:53 Elite Leitis
36:20 Two-Man Saw
35:51 Crop Rotation
36:44 Forging
37:53 Caravan
41:25 Iron Casting
Pbeke
10:27 Feudal Age
11:24 Loom
11:28 Town Watch
14:17 Castle Age
12:08 Double-Bit Axe
13:01 Horse Collar
15:10 Bow Saw
18:40 Loom
20:12 Wheelbarrow
28:58 Imperial Age
27:35 Masonry
27:46 Ballistics
27:29 Scale Mail Armor
28:01 Forging
29:00 Chain Mail Armor
29:33 Hand Cart
29:14 Gold Mining
29:21 Stone Mining
29:01 Pikeman
29:33 Onager
30:24 Heavy Plow
30:12 Halberdier
31:38 Plate Mail Armor
32:17 Iron Casting
32:55 Squires
33:58 Blast Furnace
33:24 Siege Engineers
34:08 Siege Onager
34:47 Northmen's Fury
36:52 Hamask
37:54 Conscription
37:43 Caravan
39:19 Chemistry
38:23 Capped Ram
41:18 Fletching
41:08 Siege Ram
daumasson
11:03 Feudal Age
15:00 Castle Age
13:05 Double-Bit Axe
13:29 Horse Collar
16:43 Bow Saw
21:22 Wheelbarrow
23:53 Hand Cart
23:24 Loom
23:54 Gold Mining
25:00 Town Watch
25:28 Heavy Plow
25:53 Stone Mining
28:51 Imperial Age
26:35 Padded Archer Armor
26:25 Fletching
27:41 Leather Archer Armor
27:36 Scale Barding Armor
28:44 Forging
29:00 Caravan
30:32 Chemistry
30:13 Ring Archer Armor
29:50 Murder Holes
32:54 Bombard Tower
35:03 Bodkin Arrow
36:53 Bracer
38:47 Ballistics
Fanume
0:27 Loom
10:31 Feudal Age
14:45 Castle Age
13:59 Double-Bit Axe
13:56 Horse Collar
14:10 Gold Mining
14:41 Town Watch
16:01 Bow Saw
19:01 Stone Mining
22:57 Fletching
26:30 Wheelbarrow
25:58 Heavy Plow
26:30 Fortified Wall
28:50 Hand Cart
32:00 Imperial Age
29:43 Great Wall
29:41 Bodkin Arrow
29:47 Padded Archer Armor
30:35 Ballistics
30:26 Masonry
32:25 Leather Archer Armor
32:07 Murder Holes
33:51 Chemistry
33:27 Conscription
32:28 Elite Chu Ko Nu
33:33 Caravan
34:03 Coinage
33:09 Heavy Rocket Cart
34:48 Elite Chu Ko Nu
35:50 Rocketry
36:20 Bracer
36:50 Ring Archer Armor
37:47 Thumb Ring
39:15 Two-Man Saw
38:56 Rocketry
39:53 Architecture
39:15 Capped Ram
40:13 Siege Ram
Connection lost

Rejoining the realm…

Still unreachable

The connection could not be restored.

Session expired

The server has moved on; the page needs a fresh start.